[Event "31st Roquetas de Mar Open 2020"]
[Site "Roquetas de Mar"]
[Date "2020.01.02"]
[Round "1.5"]
[White "Sivuk, Vitaly"]
[Black "Yugina, Maria"]
[Result "1-0"]
[ECO "E00"]
[WhiteElo "2579"]
[BlackElo "2089"]
[Annotator "RC"]
[PlyCount "53"]
[EventDate "2020.01.02"]
[EventType "swiss"]
[EventCountry "ESP"]
[SourceTitle "playchess.com"]
[Source "ChessBase"]
[SourceQuality "1"]
[TimeControl "5400+30"]

1. d4 e6 2. c4 Bb4+ 3. Nd2 b6 4. a3 Bxd2+ 5. Qxd2 Bb7 6. b4 f5 7. Bb2 Nf6 8. f3 O-O 9. e3 d6 10. Bd3 Qe7 11. Ne2 Nbd7 12. O-O Rae8 13. Rae1 Rf7 14. Ng3 Nf8 15. d5 exd5 16. Nxf5 Qd7 17. cxd5 Bxd5 18. e4 Be6 19. Nd4 Kh8 20. Bb5 Qc8 21. Bxe8 Nxe8 22. Nxe6 Nxe6 23. f4 Qd7 24. e5 Nf8 25. e6 Nxe6 26. Qe3 Re7 27. f5 1-0

[Event "31st Roquetas de Mar Open 2020"]
[Site "Roquetas de Mar"]
[Date "2020.01.02"]
[Round "1.8"]
[White "Samuel Lares, Jairo"]
[Black "Bjerre, Jonas Buhl"]
[Result "0-1"]
[ECO "A45"]
[WhiteElo "2063"]
[BlackElo "2535"]
[Annotator "RC"]
[PlyCount "124"]
[EventDate "2020.01.02"]
[EventType "swiss"]
[EventCountry "ESP"]
[SourceTitle "playchess.com"]
[Source "ChessBase"]
[SourceQuality "1"]
[TimeControl "5400+30"]

1. d4 Nf6 2. Nc3 d5 3. Bf4 c5 4. e3 cxd4 5. exd4 a6 6. Nf3 Nc6 7. Be2 Bg4 8. Ne5 Bxe2 9. Nxe2 e6 10. O-O Be7 11. c4 dxc4 12. Nxc6 bxc6 13. Qa4 Qb6 14. Qxc4 O-O 15. b3 Rac8 16. Nc3 Rfd8 17. Rfd1 Qa7 18. Na4 Rd5 19. Rac1 Ne4 20. b4 Rcd8 21. Be3 e5 22. Qxc6 exd4 23. Bf4 d3 24. Nb6 Nxf2 25. Rd2 Ne4 26. Be3 Bg5 27. Bxg5 Rxg5 28. Qxe4 Qxb6+ 29. Kh1 Rgd5 30. a3 h6 31. h3 Qd6 32. Rcd1 Rd4 33. Qf3 Qd7 34. Kg1 Qb5 35. Kh1 Qc4 36. Qb7 R8d6 37. Kh2 R4d5 38. Rf1 Rd7 39. Qa8+ Rd8 40. Qa7 R5d7 41. Qf2 Qc3 42. Rb1 Qxa3 43. b5 axb5 44. Rxb5 Qc1 45. Rbb2 Re8 46. Rb3 Qc4 47. Rbb2 Rde7 48. Qg3 Re3 49. Qd6 R8e6 50. Qd8+ Kh7 51. Rf2 Qe4 52. Rb5 Re2 53. Rbf5 Rxf2 54. Rxf2 Qe5+ 55. g3 Rd6 56. Qb8 Qd5 57. Qb1 Rd7 58. Rd2 Qe4 59. Qd1 Qe3 60. Kg2 Rd6 61. h4 Rg6 62. Rxd3 Rxg3+ 0-1

[Event "31st Roquetas de Mar Open 2020"]
[Site "Roquetas de Mar"]
[Date "2020.01.02"]
[Round "1.9"]
[White "Harutyunian, Tigran K."]
[Black "Dylag, Emilia"]
[Result "1-0"]
[ECO "A05"]
[WhiteElo "2533"]
[BlackElo "2063"]
[Annotator "ChessBase"]
[PlyCount "71"]
[EventDate "2020.01.02"]
[EventType "swiss"]
[EventCountry "ESP"]
[SourceTitle "playchess.com"]
[Source "ChessBase"]
[SourceQuality "1"]
[TimeControl "5400+30"]

1. Nf3 Nf6 2. g3 g6 3. Bg2 Bg7 4. d4 d6 5. O-O O-O 6. Re1 Nc6 7. d5 Na5 8. e4 c5 9. e5 dxe5 10. Nxe5 Ne8 11. Nd3 c4 12. Nf4 Nd6 13. c3 b5 14. Nd2 Rb8 15. Nf3 Bg4 16. Be3 b4 17. Bd4 Bxd4 18. Qxd4 Nb5 19. Qe3 bxc3 20. bxc3 Bxf3 21. Bxf3 Na3 22. Re2 Re8 23. Qxa7 Rb7 24. Qe3 Qd6 25. Rae1 Rb6 26. h4 Nb7 27. Nh3 Qf6 28. Kg2 Kg7 29. Ng5 Ra6 30. Ne4 Qe5 31. Qd2 Qc7 32. h5 Nd6 33. h6+ Kf8 34. Qd4 e5 35. dxe6 Rxe6 36. Ng5 1-0

[Event "31st Roquetas de Mar Open 2020"]
[Site "Roquetas de Mar"]
[Date "2020.01.02"]
[Round "1.11"]
[White "Maiorov, Nikita"]
[Black "Lopez Mijail, Nicolas"]
[Result "1-0"]
[ECO "E41"]
[WhiteElo "2519"]
[BlackElo "2056"]
[Annotator "ChessBase"]
[PlyCount "81"]
[EventDate "2020.01.02"]
[EventType "swiss"]
[EventCountry "ESP"]
[SourceTitle "playchess.com"]
[Source "ChessBase"]
[SourceQuality "1"]
[TimeControl "5400+30"]

1. d4 Nf6 2. c4 e6 3. Nc3 Bb4 4. e3 c5 5. Bd3 Nc6 6. Nf3 cxd4 7. exd4 d5 8. O-O O-O 9. a3 Be7 10. c5 b6 11. Bb5 Bd7 12. b4 bxc5 13. bxc5 Ne4 14. Ne2 Bf6 15. Bf4 Qa5 16. a4 a6 17. Bxc6 Bxc6 18. Qc2 Rfc8 19. h3 Ra7 20. Rfb1 Rb7 21. Rxb7 Bxb7 22. Be5 Bxe5 23. Nxe5 f6 24. Nf3 Bc6 25. Qb2 Qc7 26. Nc3 Rb8 27. Qc2 Nxc3 28. Qxc3 a5 29. Ne1 Rb4 30. Nd3 Rxa4 31. Rb1 Rc4 32. Qb2 Qd7 33. Qb8+ Kf7 34. Qf4 g5 35. Qe3 a4 36. f4 a3 37. fxg5 a2 38. Rf1 Qa7 39. Ne5+ Kg7 40. gxf6+ Kh8 41. f7 1-0

[Event "31st Roquetas de Mar Open 2020"]
[Site "Roquetas de Mar"]
[Date "2020.01.02"]
[Round "1.12"]
[White "Aledo Yanguas, Javier"]
[Black "Shariyazdanov, Andrey"]
[Result "0-1"]
[ECO "B06"]
[WhiteElo "2044"]
[BlackElo "2519"]
[Annotator "ChessBase"]
[PlyCount "66"]
[EventDate "2020.01.02"]
[EventType "swiss"]
[EventCountry "ESP"]
[SourceTitle "playchess.com"]
[Source "ChessBase"]
[SourceQuality "1"]
[TimeControl "5400+30"]

1. e4 g6 2. d4 Bg7 3. Nf3 d6 4. Bc4 Nf6 5. Nc3 O-O 6. O-O Bg4 7. Be3 Nc6 8. h3 Bxf3 9. Qxf3 e5 10. d5 Ne7 11. Qd1 c6 12. a4 cxd5 13. exd5 Nf5 14. Qd3 Nxe3 15. fxe3 Nh5 16. g4 Nf6 17. e4 Rc8 18. a5 a6 19. Ra3 h5 20. gxh5 Nxh5 21. Ne2 Bh6 22. b4 Qh4 23. Ba2 f5 24. exf5 gxf5 25. c4 e4 26. Qd4 Rc7 27. Qf2 Rg7+ 28. Kh2 Qf6 29. Rg1 f4 30. Rxg7+ Qxg7 31. Nc3 f3 32. Nxe4 Qe5+ 33. Ng3 Nxg3 0-1

[Event "31st Roquetas de Mar Open 2020"]
[Site "Roquetas de Mar"]
[Date "2020.01.02"]
[Round "1.13"]
[White "Klekowski, Maciej"]
[Black "Atipov Hadzhiev, Cristian"]
[Result "1-0"]
[ECO "B37"]
[WhiteElo "2515"]
[BlackElo "2032"]
[Annotator "ChessBase"]
[PlyCount "61"]
[EventDate "2020.01.02"]
[EventType "swiss"]
[EventCountry "ESP"]
[SourceTitle "playchess.com"]
[Source "ChessBase"]
[SourceQuality "1"]
[TimeControl "5400+30"]

1. c4 c5 2. Nf3 Nc6 3. d4 cxd4 4. Nxd4 g6 5. e4 Bg7 6. Nc2 Nf6 7. Nc3 d6 8. Be2 O-O 9. O-O a5 10. Be3 Be6 11. f3 Nd7 12. Qd2 Nc5 13. Na3 a4 14. Rfd1 Qa5 15. Rac1 Rfc8 16. Bf1 Ne5 17. Qe2 Ncd7 18. Nd5 Bxd5 19. exd5 Nc5 20. Kh1 h5 21. Nb5 Re8 22. Rb1 Rac8 23. b4 axb3 24. axb3 Na6 25. h3 Nd7 26. b4 Qd8 27. Qf2 Ne5 28. Bb6 Qd7 29. c5 dxc5 30. bxc5 Qf5 31. Na7 1-0

[Event "31st Roquetas de Mar Open 2020"]
[Site "Roquetas de Mar"]
[Date "2020.01.02"]
[Round "1.14"]
[White "Buijs Martin, Urtzi"]
[Black "Sosa, Tomas"]
[Result "0-1"]
[ECO "B34"]
[WhiteElo "2028"]
[BlackElo "2508"]
[Annotator "ChessBase"]
[PlyCount "81"]
[EventDate "2020.01.02"]
[EventType "swiss"]
[EventCountry "ESP"]
[SourceTitle "playchess.com"]
[Source "ChessBase"]
[SourceQuality "1"]
[TimeControl "5400+30"]

1. e4 c5 2. Nf3 Nc6 3. d4 cxd4 4. Nxd4 Nf6 5. Nc3 e5 6. Ndb5 h6 7. Nd6+ Bxd6 8. Qxd6 Qe7 9. Qxe7+ Kxe7 10. Be3 d6 11. O-O-O Be6 12. Bb5 Rhc8 13. h3 Na5 14. Rhe1 Rxc3 15. bxc3 Nxe4 16. f4 Nxc3 17. Bd2 Nxb5 18. Bxa5 exf4 19. a4 Na3 20. Bc7 Nc4 21. Rd4 Kd7 22. Bxd6 Nxd6 23. Red1 Ke7 24. Rxd6 Rc8 25. Kb2 g5 26. R6d4 Kf6 27. Rb4 Rc7 28. Rd8 Bd7 29. a5 a6 30. Rb6+ Ke7 31. Rg8 Bc6 32. h4 Kf6 33. hxg5+ hxg5 34. Kc3 Kf5 35. Rxc6 Rxc6+ 36. Kd3 Re6 37. Rb8 Re7 38. Kd4 g4 39. Rh8 f3 40. gxf3 gxf3 41. Rh1 {[%emt 0:00:14] Ke5+} 0-1

[Event "31st Roquetas de Mar Open 2020"]
[Site "Roquetas de Mar"]
[Date "2020.01.02"]
[Round "1.17"]
[White "Marin, Mihail"]
[Black "Bjerre, Tavs"]
[Result "1-0"]
[ECO "A25"]
[WhiteElo "2496"]
[BlackElo "2013"]
[Annotator "ChessBase"]
[PlyCount "43"]
[EventDate "2020.01.02"]
[EventType "swiss"]
[EventCountry "ESP"]
[SourceTitle "playchess.com"]
[Source "ChessBase"]
[SourceQuality "1"]
[TimeControl "5400+30"]

1. c4 g6 2. g3 Bg7 3. Bg2 e5 4. Nc3 Nc6 5. e3 d6 6. Nge2 f5 7. d4 exd4 8. exd4 Nf6 9. d5 Ne5 10. O-O O-O 11. b3 Ne4 12. Bb2 Nxc3 13. Bxc3 Nd7 14. Bxg7 Kxg7 15. Nd4 Nc5 16. b4 Ne4 17. Qd3 a5 18. a3 axb4 19. axb4 Rxa1 20. Rxa1 Qf6 21. Re1 Rf7 22. f3 1-0

[Event "31st Roquetas de Mar Open 2020"]
[Site "Roquetas de Mar"]
[Date "2020.01.03"]
[Round "3.3"]
[White "Alshameary Puente, Ismael"]
[Black "Bernadskiy, Vitaliy"]
[Result "0-1"]
[ECO "A40"]
[WhiteElo "2385"]
[BlackElo "2588"]
[Annotator "RC"]
[PlyCount "100"]
[EventDate "2020.01.02"]
[EventType "swiss"]
[EventCountry "ESP"]
[SourceTitle "playchess.com"]
[Source "ChessBase"]
[SourceQuality "1"]
[TimeControl "5400+30"]

1. d4 e6 2. c4 b6 3. Nf3 Bb7 4. g3 Bb4+ 5. Bd2 Bxf3 6. exf3 Bxd2+ 7. Qxd2 Nf6 8. Nc3 d5 9. cxd5 Nxd5 10. Bg2 Nc6 11. f4 Nce7 12. O-O O-O 13. Rac1 Rc8 14. Rfe1 Qd7 15. Re5 Nf6 16. Rd1 Rfd8 17. Re2 c6 18. Bh3 Qb7 19. Qc2 g6 20. Qb3 Rd6 21. a4 Qd7 22. a5 b5 23. Qb4 Ned5 24. Nxd5 cxd5 25. Bf1 a6 26. h4 Rdc6 27. Bg2 h5 28. Bf3 Qd8 29. Kg2 Rc4 30. Qe1 Qf8 31. b3 Rc3 32. Re3 Rc2 33. Ra1 Qg7 34. Re2 R2c3 35. Re3 R3c7 36. Rd1 Nd7 37. f5 gxf5 38. Bxh5 Nf6 39. Bf3 Rc2 40. Rd2 R2c6 41. Rdd3 Ne4 42. Bxe4 fxe4 43. Rd1 f5 44. Kh2 Kf7 45. Qe2 Rh8 46. Qf1 f4 47. Ree1 Rc2 48. Re2 Rhc8 49. Rxc2 Rxc2 50. Rc1 Qxg3+ 0-1

[Event "31st Roquetas de Mar Open 2020"]
[Site "Roquetas de Mar"]
[Date "2020.01.03"]
[Round "3.4"]
[White "Sivuk, Vitaly"]
[Black "Suarez Uriel, Adrian"]
[Result "1/2-1/2"]
[ECO "A22"]
[WhiteElo "2579"]
[BlackElo "2362"]
[Annotator "ChessBase"]
[PlyCount "69"]
[EventDate "2020.01.02"]
[EventType "swiss"]
[EventCountry "ESP"]
[SourceTitle "playchess.com"]
[Source "ChessBase"]
[SourceQuality "1"]
[TimeControl "5400+30"]

1. c4 Nf6 2. Nc3 e5 3. g3 Bb4 4. e4 Bxc3 5. dxc3 d6 6. f3 Be6 7. Nh3 h6 8. Nf2 Nc6 9. Be3 Qe7 10. b3 a5 11. a4 Nd7 12. Qc2 Nc5 13. Bg2 O-O 14. O-O f5 15. Bxc5 dxc5 16. exf5 Bxf5 17. Ne4 Rad8 18. Rae1 Qd7 19. f4 b6 20. Qe2 Bg4 21. Qe3 Bh3 22. Bxh3 Qxh3 23. Nf2 exf4 24. Nxh3 fxe3 25. Rxe3 Rxf1+ 26. Kxf1 g5 27. Nf2 Kf7 28. Ke2 Rd6 29. Rf3+ Ke7 30. Ng4 Re6+ 31. Re3 h5 32. Rxe6+ Kxe6 33. Ne3 Ne7 34. Kf3 Ke5 35. h3 1/2-1/2

[Event "31st Roquetas de Mar Open 2020"]
[Site "Roquetas de Mar"]
[Date "2020.01.03"]
[Round "3.7"]
[White "Klekowski, Maciej"]
[Black "Malovanyi, Yulian"]
[Result "1/2-1/2"]
[ECO "B38"]
[WhiteElo "2515"]
[BlackElo "2360"]
[Annotator "RC"]
[PlyCount "68"]
[EventDate "2020.01.02"]
[EventType "swiss"]
[EventCountry "ESP"]
[SourceTitle "playchess.com"]
[Source "ChessBase"]
[SourceQuality "1"]
[TimeControl "5400+30"]

1. c4 c5 2. Nf3 Nc6 3. d4 cxd4 4. Nxd4 g6 5. e4 Bg7 6. Be3 Nf6 7. Nc3 O-O 8. Be2 d6 9. O-O Nxd4 10. Bxd4 Bd7 11. Qd2 Bc6 12. f3 a5 13. b3 Nd7 14. Be3 Nc5 15. Rac1 Qb6 16. Nb5 Rfc8 17. Rfd1 Qd8 18. Nd4 Qf8 19. Rb1 Bd7 20. Bf1 h5 21. Rbc1 Kh7 22. Ne2 Bh6 23. Nf4 Bc6 24. Nd5 Bxd5 25. exd5 Re8 26. g3 e5 27. dxe6 Rxe6 28. Bxh6 Qxh6 29. Qxh6+ Kxh6 30. Rd5 Ra6 31. Kf2 Rb6 32. Rb1 Kg7 33. Be2 Kf6 34. Bd1 Re5 1/2-1/2

[Event "31st Roquetas de Mar Open 2020"]
[Site "Roquetas de Mar"]
[Date "2020.01.03"]
[Round "3.11"]
[White "Garcia Moreno, Carlos"]
[Black "Villanueva, Mario"]
[Result "1/2-1/2"]
[ECO "C07"]
[WhiteElo "2289"]
[BlackElo "2488"]
[Annotator "ChessBase"]
[PlyCount "136"]
[EventDate "2020.01.02"]
[EventType "swiss"]
[EventCountry "ESP"]
[SourceTitle "playchess.com"]
[Source "ChessBase"]
[SourceQuality "1"]
[TimeControl "5400+30"]

1. e4 e6 2. d4 d5 3. Nd2 c5 4. exd5 Qxd5 5. Ngf3 cxd4 6. Bc4 Qd8 7. O-O Nc6 8. Nb3 a6 9. Nbxd4 Nxd4 10. Nxd4 Qc7 11. Bb3 Bd6 12. h3 Nf6 13. c3 O-O 14. Bg5 Bh2+ 15. Kh1 Bf4 16. Bxf4 Qxf4 17. Qf3 Qxf3 18. Nxf3 Rd8 19. Rfd1 Bd7 20. Ne5 Be8 21. f3 Kf8 22. Kg1 Ke7 23. Kf2 g5 24. c4 h5 25. Rxd8 Rxd8 26. Rd1 Rxd1 27. Bxd1 h4 28. b4 Nh5 29. Be2 Kd6 30. Nd3 Nf4 31. Nc5 Bc6 32. Bf1 f5 33. Nb3 Ba4 34. Nc5 Bc6 35. Nb3 Bd7 36. Na5 Kc7 37. Nb3 e5 38. Nc5 Bc8 39. Nd3 Kd6 40. Nxf4 gxf4 41. Bd3 Bd7 42. Ke1 b5 43. cxb5 Bxb5 44. Bxf5 Kd5 45. Bc8 Kc4 46. a4 Bxa4 47. Bxa6+ Kxb4 48. Kd2 Kc5 49. Bd3 Kd4 50. Be2 Bc6 51. Bd3 Bb7 52. Be2 Bd5 53. Bd3 Be6 54. Bf1 Bf5 55. Be2 Bg6 56. Bb5 e4 57. fxe4 Bxe4 58. Bf1 Bd5 59. Ke2 Bc4+ 60. Kf2 Bxf1 61. Kxf1 Ke3 62. Ke1 f3 63. gxf3 Kxf3 64. Kf1 Kg3 65. Kg1 Kxh3 66. Kh1 Kg3 67. Kg1 h3 68. Kh1 h2 1/2-1/2

[Event "31st Roquetas de Mar Open 2020"]
[Site "Roquetas de Mar"]
[Date "2020.01.03"]
[Round "3.12"]
[White "Shahil Dey"]
[Black "Real De Azua, Ernesto"]
[Result "0-1"]
[ECO "C50"]
[WhiteElo "2148"]
[BlackElo "2456"]
[Annotator "RC"]
[PlyCount "62"]
[EventDate "2020.01.02"]
[EventType "swiss"]
[EventCountry "ESP"]
[SourceTitle "playchess.com"]
[Source "ChessBase"]
[SourceQuality "1"]
[TimeControl "5400+30"]

1. e4 e5 2. Nf3 Nc6 3. Bc4 Nf6 4. d3 Bc5 5. c3 d6 6. Bg5 h6 7. Bh4 g5 8. Bg3 Qe7 9. b4 Bb6 10. a4 a5 11. b5 Nd8 12. Nbd2 Ne6 13. Bxe6 Bxe6 14. Qe2 Nh5 15. Rd1 Rg8 16. c4 O-O-O 17. Nb3 Nf4 18. Bxf4 gxf4 19. Rg1 f5 20. Rc1 fxe4 21. dxe4 Rg7 22. Kd2 Rdg8 23. Qf1 Bg4 24. Rc3 Bxf3 25. Rxf3 d5 26. exd5 e4 27. Rxf4 e3+ 28. Kc2 exf2 29. Rxf2 Qe4+ 30. Kb2 Bxf2 31. Qxf2 Rxg2 0-1

[Event "31st Roquetas de Mar Open 2020"]
[Site "Roquetas de Mar"]
[Date "2020.01.03"]
[Round "3.13"]
[White "Cruz Lledo, Pablo"]
[Black "Vergara Anton, Diego"]
[Result "1-0"]
[ECO "D35"]
[WhiteElo "2452"]
[BlackElo "2152"]
[Annotator "ChessBase"]
[PlyCount "105"]
[EventDate "2020.01.02"]
[EventType "swiss"]
[EventCountry "ESP"]
[SourceTitle "playchess.com"]
[Source "ChessBase"]
[SourceQuality "1"]
[TimeControl "5400+30"]

1. d4 d5 2. c4 e6 3. Nc3 Nf6 4. cxd5 exd5 5. Bg5 Be7 6. e3 c6 7. Bd3 Nbd7 8. Qc2 h6 9. Bf4 Nh5 10. Be5 Nxe5 11. dxe5 d4 12. exd4 Qxd4 13. Nf3 Qb6 14. O-O-O Nf4 15. Be4 Bg4 16. h3 Bxf3 17. Bxf3 O-O 18. Rd7 Bb4 19. Na4 Qa6 20. Rd4 Rad8 21. Rhd1 Rxd4 22. Rxd4 Be7 23. Rxf4 Bg5 24. g3 Qf1+ 25. Bd1 Qxh3 26. Nc5 b6 27. Ne4 Bxf4+ 28. gxf4 Qe6 29. Kb1 Rd8 30. Nd6 Rxd6 31. exd6 Qxd6 32. f5 c5 33. a4 Qd4 34. Qe2 Kf8 35. Bb3 Qd7 36. Qe4 h5 37. Ka2 Qc7 38. Qh4 Kg8 39. f6 gxf6 40. Qxf6 c4 41. Bc2 Qc5 42. f4 Kf8 43. f5 Qd5 44. Qh8+ Ke7 45. Qxh5 Qd4 46. Qe2+ Kd7 47. Qd1 Qxd1 48. Bxd1 Kd6 49. b3 c3 50. b4 Ke5 51. Bc2 f6 52. Kb3 Kd4 53. b5 1-0

[Event "31st Roquetas de Mar Open 2020"]
[Site "Roquetas de Mar"]
[Date "2020.01.03"]
[Round "3.17"]
[White "Harutyunian, Tigran K."]
[Black "Rodriguez Melendez, Juan Humbert"]
[Result "1-0"]
[ECO "A49"]
[WhiteElo "2533"]
[BlackElo "2259"]
[Annotator "RC"]
[PlyCount "105"]
[EventDate "2020.01.02"]
[EventType "swiss"]
[EventCountry "ESP"]
[SourceTitle "playchess.com"]
[Source "ChessBase"]
[SourceQuality "1"]
[TimeControl "5400+30"]

1. d4 Nf6 2. Nf3 g6 3. g3 Bg7 4. Bg2 O-O 5. O-O d6 6. Re1 c5 7. d5 e6 8. Nc3 Nxd5 9. Nxd5 exd5 10. Qxd5 Nc6 11. c3 Be6 12. Qd1 h6 13. e4 Qc7 14. Qc2 Rab8 15. Nh4 Rbe8 16. Be3 Ne5 17. Rad1 Bg4 18. f3 g5 19. fxg4 gxh4 20. Bf4 hxg3 21. Bxg3 Re6 22. h3 Ng6 23. Rf1 Be5 24. Qf2 Qe7 25. Qe1 Kh7 26. Rf5 Rg8 27. Bf1 Bxg3 28. Qxg3 Ne5 29. Be2 Reg6 30. Kh2 Rg5 31. Qf4 R5g6 32. Rf1 R8g7 33. Qf2 Qe6 34. b3 Qe7 35. Qg3 b6 36. R1f4 Re6 37. Qf2 Kg8 38. Rh5 Ng6 39. Rff5 Rxe4 40. Bf3 Re1 41. Rxh6 Ne5 42. Bg2 Nd3 43. Rfh5 Rh7 44. Qd2 Re2 45. Qxd3 Rxh6 46. Rxh6 Qe5+ 47. Kg1 Re1+ 48. Kf2 Ra1 49. Qh7+ Kf8 50. Qh8+ Qxh8 51. Rxh8+ Kg7 52. Re8 Rxa2+ 53. Re2 1-0

[Event "31st Roquetas de Mar Open 2020"]
[Site "Roquetas de Mar"]
[Date "2020.01.04"]
[Round "4.4"]
[White "Bjerre, Jonas Buhl"]
[Black "Wieczorek, Oskar"]
[Result "1/2-1/2"]
[ECO "D85"]
[WhiteElo "2535"]
[BlackElo "2490"]
[Annotator "ChessBase"]
[PlyCount "73"]
[EventDate "2020.01.02"]
[EventType "swiss"]
[EventCountry "ESP"]
[SourceTitle "playchess.com"]
[Source "ChessBase"]
[SourceQuality "1"]
[TimeControl "5400+30"]

1. d4 Nf6 2. c4 g6 3. Nc3 d5 4. cxd5 Nxd5 5. e4 Nxc3 6. bxc3 Bg7 7. Nf3 c5 8. Be3 Qa5 9. Qd2 Nc6 10. Rb1 a6 11. Rc1 cxd4 12. cxd4 Qxd2+ 13. Kxd2 f5 14. e5 O-O 15. Bc4+ e6 16. Ke2 Bd7 17. h4 Rfc8 18. Ng5 Nd8 19. Bb3 a5 20. f3 a4 21. Bc2 Nc6 22. g4 Nb4 23. Bb1 Nd5 24. Bd2 Rxc1 25. Rxc1 Rc8 26. Rxc8+ Bxc8 27. Bd3 h6 28. Nh3 Bd7 29. h5 fxg4 30. fxg4 gxh5 31. g5 hxg5 32. Nxg5 Kf8 33. Bg6 h4 34. Nh7+ Kg8 35. Ng5 Kf8 36. Nh7+ Kg8 37. Ng5 1/2-1/2

[Event "31st Roquetas de Mar Open 2020"]
[Site "Roquetas de Mar"]
[Date "2020.01.04"]
[Round "4.5"]
[White "Sosa, Tomas"]
[Black "Cruz Lledo, Pablo"]
[Result "1/2-1/2"]
[ECO "B06"]
[WhiteElo "2508"]
[BlackElo "2452"]
[Annotator "ChessBase"]
[PlyCount "204"]
[EventDate "2020.01.02"]
[EventType "swiss"]
[EventCountry "ESP"]
[SourceTitle "playchess.com"]
[Source "ChessBase"]
[SourceQuality "1"]
[TimeControl "5400+30"]

1. e4 g6 2. d4 Bg7 3. Nc3 c6 4. f4 d5 5. e5 Nh6 6. Nf3 f6 7. Be3 O-O 8. Be2 Bg4 9. O-O Nd7 10. Bf2 Rc8 11. Qd2 Bxf3 12. Bxf3 e6 13. Ne2 c5 14. c4 dxc4 15. Bxb7 Rc7 16. Bf3 fxe5 17. d5 e4 18. Bxe4 Nf6 19. Bf3 exd5 20. Nc3 d4 21. Nb5 Rcf7 22. Qe2 a6 23. Na3 c3 24. bxc3 Nd5 25. cxd4 Nxf4 26. Qc4 Bxd4 27. Bxd4 Qxd4+ 28. Qxd4 cxd4 29. g3 Ne6 30. Bd5 Rxf1+ 31. Rxf1 Rxf1+ 32. Kxf1 Kf7 33. Ke2 Kf6 34. Nc2 Nc5 35. Bc4 Ke5 36. Nb4 Ng4 37. Nxa6 Ne4 38. h3 Nxg3+ 39. Kf3 Ne3 40. Bg8 Ne4 41. Nb4 Ng5+ 42. Ke2 Nxh3 43. Nc6+ Ke4 44. Bxh7 Nf4+ 45. Ke1 d3 46. Nb4 Nc4 47. Nxd3 Kxd3 48. a4 Na5 49. Kf2 Ke4 50. Kg3 Kf5 51. Kf3 Nd5 52. Bxg6+ Kxg6 53. Ke4 Nb6 54. Ke5 Kf7 55. Kf5 Nbc4 56. Kf4 Ke6 57. Ke4 Kd6 58. Kd4 Kc6 59. Kd3 Kd5 60. Kc3 Kc5 61. Kd3 Nd6 62. Kc3 Ne4+ 63. Kd3 Kd5 64. Ke3 Nc5 65. Kf4 Ke6 66. Kg4 Ke5 67. Kf3 Ne6 68. Ke3 Nf4 69. Kf3 Nd5 70. Kg3 Ke4 71. Kg4 Nf6+ 72. Kg5 Ke5 73. Kg6 Ne4 74. Kf7 Kd6 75. Kg7 Ke7 76. Kg6 Ke6 77. Kg7 Nd2 78. Kh6 Kf6 79. Kh5 Kf5 80. Kh6 Ne4 81. Kg7 Ng5 82. Kf8 Kf6 83. Ke8 Ke6 84. Kd8 Kd6 85. Ke8 Ne4 86. Kf7 Kd7 87. Kg7 Ke7 88. Kg6 Ke6 89. Kg7 Ng5 90. Kg6 Nf3 91. Kg7 Ne5 92. Kh6 Kf5 93. Kg7 Kg5 94. Kf8 Kf6 95. Ke8 Ke6 96. Kf8 Nf3 97. Kg7 Nh4 98. Kh6 Nf3 99. Kg6 Ne5+ 100. Kg5 Nd7 101. Kf4 Nb8 102. Ke4 Nac6 1/2-1/2

[Event "31st Roquetas de Mar Open 2020"]
[Site "Roquetas de Mar"]
[Date "2020.01.04"]
[Round "4.7"]
[White "Raja Harshit"]
[Black "Sivuk, Vitaly"]
[Result "1/2-1/2"]
[ECO "C72"]
[WhiteElo "2482"]
[BlackElo "2579"]
[Annotator "ChessBase"]
[PlyCount "63"]
[EventDate "2020.01.02"]
[EventType "swiss"]
[EventCountry "ESP"]
[SourceTitle "playchess.com"]
[Source "ChessBase"]
[SourceQuality "1"]
[TimeControl "5400+30"]

1. e4 e5 2. Nf3 Nc6 3. Bb5 a6 4. Ba4 d6 5. O-O Bd7 6. d4 Nf6 7. Bxc6 Bxc6 8. Nc3 Be7 9. Re1 exd4 10. Nxd4 Bd7 11. Qf3 O-O 12. h3 b5 13. g4 b4 14. Nce2 Ne8 15. Bf4 g6 16. Rad1 c5 17. Nb3 Qc8 18. Bh6 Ng7 19. Nf4 Be6 20. Nd5 Bxd5 21. exd5 Qd7 22. Na5 Rfe8 23. c3 bxc3 24. Qxc3 Bf8 25. Nc4 Rxe1+ 26. Rxe1 Re8 27. Rxe8 Nxe8 28. Bxf8 Kxf8 29. Qh8+ Ke7 30. Qxh7 Qa4 31. Qh4+ Nf6 32. Nb6 1/2-1/2

[Event "31st Roquetas de Mar Open 2020"]
[Site "Roquetas de Mar"]
[Date "2020.01.04"]
[Round "4.10"]
[White "Shariyazdanov, Andrey"]
[Black "Kumar, Nikhil"]
[Result "1/2-1/2"]
[ECO "A05"]
[WhiteElo "2519"]
[BlackElo "2315"]
[Annotator "ChessBase"]
[PlyCount "79"]
[EventDate "2020.01.02"]
[EventType "swiss"]
[EventCountry "ESP"]
[SourceTitle "playchess.com"]
[Source "ChessBase"]
[SourceQuality "1"]
[TimeControl "5400+30"]

1. Nf3 Nf6 2. c4 e6 3. d4 d5 4. e3 c5 5. a3 dxc4 6. Bxc4 Nc6 7. dxc5 Qxd1+ 8. Kxd1 Bxc5 9. Ke2 a6 10. b4 Be7 11. Bb2 b5 12. Bd3 Bb7 13. Nbd2 O-O 14. Rhc1 Rac8 15. Nb3 Nd7 16. Rc2 Bd6 17. Rac1 Nce5 18. Nxe5 Nxe5 19. Bxe5 Bxe5 20. Nc5 Rc7 21. f4 Bf6 22. Be4 Rxc5 23. Bxb7 Rxc2+ 24. Rxc2 g5 25. fxg5 Bxg5 26. Rc6 Rb8 27. Bxa6 Kg7 28. Kd3 Rd8+ 29. Kc3 Bxe3 30. Bxb5 Rd2 31. a4 Rxg2 32. a5 Rxh2 33. a6 h5 34. Kd3 Ba7 35. Rc7 Rh3+ 36. Ke2 Bd4 37. Rd7 Bb6 38. Rb7 Bd4 39. Bc6 Re3+ 40. Kd2 1/2-1/2

[Event "31st Roquetas de Mar Open 2020"]
[Site "Roquetas de Mar"]
[Date "2020.01.04"]
[Round "4.12"]
[White "Malovanyi, Yulian"]
[Black "Marin, Mihail"]
[Result "1/2-1/2"]
[ECO "C01"]
[WhiteElo "2360"]
[BlackElo "2496"]
[Annotator "ChessBase"]
[PlyCount "61"]
[EventDate "2020.01.02"]
[EventType "swiss"]
[EventCountry "ESP"]
[SourceTitle "playchess.com"]
[Source "ChessBase"]
[SourceQuality "1"]
[TimeControl "5400+30"]

1. e4 e6 2. d4 d5 3. exd5 exd5 4. Nf3 Nf6 5. Bd3 c5 6. O-O Nc6 7. Re1+ Be7 8. dxc5 O-O 9. Nbd2 Bxc5 10. Nb3 Bb6 11. Bg5 Bg4 12. c3 Qd6 13. Bh4 Rfe8 14. Rxe8+ Rxe8 15. Bc2 Qe6 16. Nbd2 Ne4 17. h3 Bh5 18. Qf1 Nxd2 19. Nxd2 Be2 20. Qe1 Qe5 21. Nf1 Re6 22. Bg3 Qg5 23. Qd2 Qxd2 24. Nxd2 d4 25. Bb3 Re8 26. cxd4 Nxd4 27. Nc4 Bxc4 28. Bxc4 Ne2+ 29. Kh2 Nxg3 30. Kxg3 g6 31. Rd1 1/2-1/2

[Event "31st Roquetas de Mar Open 2020"]
[Site "Roquetas de Mar"]
[Date "2020.01.04"]
[Round "4.13"]
[White "Villanueva, Mario"]
[Black "Ajay Karthikeyan"]
[Result "1/2-1/2"]
[ECO "B36"]
[WhiteElo "2488"]
[BlackElo "2249"]
[Annotator "ChessBase"]
[PlyCount "89"]
[EventDate "2020.01.02"]
[EventType "swiss"]
[EventCountry "ESP"]
[SourceTitle "playchess.com"]
[Source "ChessBase"]
[SourceQuality "1"]
[TimeControl "5400+30"]

1. e4 c5 2. Nf3 g6 3. d4 cxd4 4. Nxd4 Nc6 5. c4 Nf6 6. Nc3 d6 7. Be2 Nxd4 8. Qxd4 Bg7 9. Be3 O-O 10. Qd3 Bg4 11. f3 Be6 12. Bd4 Nd7 13. O-O Qa5 14. Bxg7 Kxg7 15. b3 Rac8 16. f4 f6 17. Rac1 a6 18. Kh1 Rfe8 19. h4 Qc5 20. Qg3 Rg8 21. Rfe1 b5 22. cxb5 axb5 23. Bxb5 Nb6 24. Qe3 Qb4 25. Be2 Rc5 26. Bf3 Re8 27. Nd5 Bxd5 28. Rxc5 dxc5 29. exd5 c4 30. Rc1 Rc8 31. bxc4 Rxc4 32. Rxc4 Nxc4 33. Qe4 Kf8 34. Kh2 Qc5 35. Be2 Nd6 36. Qf3 Nf5 37. h5 Nd4 38. Qe4 Nxe2 39. Qxe2 Qxd5 40. hxg6 hxg6 41. g3 g5 42. fxg5 Qxg5 43. a4 Qa5 44. Qd1 Ke8 45. Kh3 1/2-1/2